Description

My new style, thank you Jenasin!

Replay - Purity_and_Industry_LE_8

Build Order

Get SALT Encoding   

  12  0:00  Probe  
  13  0:12  Probe  
  14  0:20  Pylon  
  14  0:25  Probe  
  15  0:31  Assimilator  
  15  0:38  Probe (Chrono Boost)  
  16  0:45  Gateway  
  16  0:50  Probe (Chrono Boost)  
  17  0:59  Probe (Chrono Boost)  
  18  1:04  Probe  
  19  1:25  Nexus  
  19  1:27  Probe  
  20  1:37  Cybernetics Core  
  20  1:40  Probe  
  21  1:49  Assimilator  
  21  1:52  Probe  
  22  1:55  Pylon  
  23  2:13  Adept (Chrono Boost)  
  23  2:16  Warp Gate  
  27  2:34  Stalker (Chrono Boost)  
  32  2:53  Gateway  
  33  3:03  Robotics Facility  
  34  3:11  Assimilator  
  39  3:35  Stalker  
  42  3:47  Immortal (Chrono Boost)  
  42  3:48  Twilight Council  
  41  3:50  Pylon  
  48  4:16  Immortal (Chrono Boost)  
  48  4:17  Assimilator  
  48  4:21  Blink (Chrono Boost)  
  48  4:23  Robotics Bay  
  54  4:28  Pylon x2  
  54  4:37  Gateway  
  54  4:45  Warp Prism (Chrono Boost)  
  58  4:54  Gateway  
  58  5:02  Gateway x2  
  59  5:12  Forge  
  59  5:14  Observer  
  59  5:17  Gravitic Drive  
  59  5:20  Stalker x2  
  66  5:41  Stalker  
  70  6:10  Disruptor (Chrono Boost)  
  70  6:18  Protoss Ground Weapons Level 1 (Chrono Boost)  
  75  6:21  Stalker x5  
  85  6:56  Observer  
  85  7:03  Nexus  
  85  7:17  Disruptor  
  94  7:23  Charge  
  96  7:52  Disruptor  
  101  8:05  Protoss Ground Weapons Level 2 (Chrono Boost)  
  102  8:17  Gateway x3  
  111  8:36  Observer  
  104  8:46  Disruptor (Chrono Boost)  
  119  9:12  Disruptor (Chrono Boost)  
  118  9:24  Gateway  
  121  9:27  Assimilator  
  135  9:35  Observer  
  138  9:39  Warp Prism (Chrono Boost)  
Spawning Tool Build Advisor. Get it on Overwolf

Go to:

Details

  • Created by: Heeebs
  • Published on: Apr 09, 2020
  • Modified on: Apr 09, 2020
  • Patch: 4.11.0
Show
View Real Time Build Order
Export as new Build Order

Comments (0)

There are no comments. Be the first!

Create an account to comment!